 Dungeon Crawl Stone Soup version 0.18-a0-775-g4d9e04e (webtiles) character file.

281 4thArraOfDagon the Ruffian (level 6, -2/55 HPs)
             Began as a Troll Earth Elementalist on Dec 13, 2015.
             Was an Initiate of Ashenzari.
             Slain by a mummy (4 damage)
             ... in an ossuary.
             The game lasted 00:03:48 (772 turns).

4thArraOfDagon the Ruffian (TrEE)                    Turns: 772, Time: 00:03:48

Health: -2/55      AC:  7    Str: 17    XL:     6   Next: 6%
Magic:  3/6        EV: 10    Int: 13    God:    Ashenzari [......]
Gold:   43         SH:  0    Dex: 10    Spells: 2 memorised, 4 levels left

rFire  . . .     SeeInvis .       - Unarmed
rCold  . . .     Clarity  .     a - +0 robe
rNeg   . . .     SustAt   .     (no shield)
rPois  .         Gourm    +     (helmet restricted)
rElec  .         Spirit   .     (no cloak)
rCorr  .         Dismiss  .     (gloves unavailable)
rMut   .         Stasis   .     (boots unavailable)
MR     .....                    (no amulet)
Stlth  +.........               (no ring)
                                (no ring)

@: stone skin, not resistant to hostile enchantments, very unstealthy
A: unfitting armour, claws 3, fast metabolism 3, gourmand, regeneration 2,
shaggy fur 1, tough skin 2
a: Renounce Religion


You were in an ossuary.
You worshipped Ashenzari.
Ashenzari was noncommittal.
You were full.

You visited 1 branch of the dungeon, and saw 4 of its levels.
You also visited: Ossuary.

You collected 43 gold pieces.

Inventory:

Missiles
 b - 33 stones (quivered)
 k - a throwing net
Armour
 a - a +0 robe (worn)
Scrolls
 e - 2 scrolls of teleportation {unknown}
 g - 2 scrolls of identify {unknown}
 h - a scroll of enchant armour {unknown}
 j - a scroll of remove curse
Potions
 i - a potion of ambrosia {unknown}
Books
 c - a book of Geomancy

   Spells                             Type                      Level
   a - Sandblast                      Earth                        1
   b - Stoneskin                      Transmutation/Earth          2
   c - Passwall                       Transmutation/Earth          3
   d - Stone Arrow                    Conjuration/Earth            3
   e - Petrify                        Transmutation/Earth          4
   f - Lee's Rapid Deconstruction     Earth                        5
Comestibles
 d - 3 bread rations
 f - a meat ration


   Skills:
 + Level 1.4 Fighting
 + Level 2.4 Dodging
 - Level 1.1 Stealth
 * Level 5.0 Unarmed Combat
 - Level 1.2 Spellcasting
 - Level 0.6 Transmutations
 - Level 2.6 Earth Magic


You had 4 spell levels left.
You knew the following spells:

 Your Spells              Type           Power        Failure   Level  Hunger
a - Sandblast             Erth           #.....       10%         1    ##.....
b - Stoneskin             Trmt/Erth      #.......     24%         2    ###....


Dungeon Overview and Level Annotations

Branches:
Dungeon (4/15)
 Temple: D:4-7

Altars:
Ashenzari


Innate Abilities, Weirdness & Mutations

You are too large for most types of armour.
You have claws for hands.
Your metabolism is lightning-fast.
You like to eat raw meat.
You heal very quickly.
You are covered in fur (AC +1).
You have very tough skin (AC +2).


Message History

You scratch the mummy.
The mummy is moderately damaged.
You barely miss the mummy.
The mummy is moderately damaged.
The mummy closely misses you.
You scratch the mummy but do no damage.
The mummy is moderately damaged.
You claw the mummy!
The mummy is almost destroyed.
The mummy hits you!
You barely miss the mummy.
The mummy is almost destroyed.
The mummy hits you!
Unknown command.
You barely miss the mummy.
The mummy is almost destroyed.
The mummy hits you!!
* * * LOW HITPOINT WARNING * * *
The mummy hits you.
You die...

####### ###########
..#...#!!??#...#...#
^.'.∩.#!?$?+.∩.MM^.#
..#...#!!!!# #@..#
^.##### ### #^..#
^.# #.^.# '## ##'##
^.# #.^^# ..# #^^.#
^.# #^..# ^.# #.^^#
#'# ###'#


You could see 2 mummies.

Vanquished Creatures
  2 water moccasin zombies (Ossuary)
  A crimson imp (D:4)
  Terence (D:3)
  A worker ant (D:4)
  A big kobold zombie (Ossuary)
  An adder (D:2)
  An ooze (D:4)
  6 adder zombies (Ossuary)
  A giant gecko (D:1)
  5 orcs (D:3)
  4 bats
  2 hobgoblins
  3 kobolds
  A quokka (D:3)
  A ball python (D:3)
  A giant newt (D:3)
  2 gnoll zombies (Ossuary)
  3 goblins (D:3)
  5 hobgoblin zombies (Ossuary)
  5 kobold zombies (Ossuary)
  6 orc zombies (Ossuary)
  A rat (D:2)
54 creatures vanquished.

Notes
Turn   | Place    | Note
--------------------------------------------------------------
     0 | D:1      | 4thArraOfDagon the Troll Earth Elementalist began the quest for the Orb.
     0 | D:1      | Reached XP level 1. HP: 16/16 MP: 1/1
    55 | D:1      | Reached skill level 1 in Unarmed Combat
   100 | D:2      | Reached XP level 2. HP: 24/24 MP: 2/2
   252 | D:3      | Reached XP level 3. HP: 31/31 MP: 3/3
   268 | D:3      | Noticed Terence
   287 | D:3      | Killed Terence
   287 | D:3      | Reached skill level 3 in Unarmed Combat
   322 | D:3      | Found a shattered altar of Ashenzari.
   364 | D:3      | Became a worshipper of Ashenzari the Shackled
   436 | D:3      | Learned a level 2 spell: Stoneskin
   514 | D:4      | Reached skill level 4 in Unarmed Combat
   514 | D:4      | Reached XP level 4. HP: 21/39 MP: 1/4
   585 | D:4      | Found a sand-covered staircase.
   589 | Ossuary  | Entered an ossuary
   642 | Ossuary  | Reached XP level 5. HP: 42/46 MP: 5/5
   710 | Ossuary  | Reached skill level 1 in Fighting
   758 | Ossuary  | Reached skill level 5 in Unarmed Combat
   758 | Ossuary  | Reached XP level 6. HP: 41/55 MP: 4/6
   772 | Ossuary  | HP: 2/55 [mummy (18)]
   772 | Ossuary  | Slain by a mummy

Vault maps used:
D:1:      minmay_arrival_doors
D:3:      ashenzari_altar_1, uniq_terence
D:4:      nicolae_tso_besieged_by_evil, kiku_gazebo_pond_becter,
          minmay_temple_entry_overgrown, lightli_ossuary_entry_decrepit_ruins,
          first_bread
Ossuary:  ossuary_tomb_2

Action                   |  1- 3 |  4- 6 || total
-------------------------+-------+-------++-------
Melee: Unarmed           |    81 |   105 ||   186
 Cast: Stoneskin         |     1 |     3 ||     4
 Stab: Sleeping          |     1 |     1 ||     2
  Eat: Chunk             |     8 |     2 ||    10
